 Dungeon Crawl Stone Soup version 0.28-a0-1415-g7c84da036a (webtiles) character file.

Game seed: 3230656106663324370

38 vineage the Skirmisher (level 3, 0/34 HPs)
             Began as a Minotaur Gladiator on Jan 7, 2022.
             Succumbed to a kobold's poison
             ... on level 1 of the Dungeon.
             The game lasted 00:00:53 (771 turns).

vineage the Skirmisher (Minotaur Gladiator)          Turns: 771, Time: 00:00:54

Health: 0/34       AC:  3    Str: 18    XL:     3   Next: 25%
Magic:  2/2        EV: 12    Int:  5    God:
Gold:   35         SH:  0    Dex: 13    Spells: 2/2 levels left

rFire   . . .      SeeInvis .   a - +0 flail
rCold   . . .      Faith    .   (no shield)
rNeg    . . .      Spirit   .   b - +0 leather armour
rPois   .          Reflect  .   c - +0 hat
rElec   .          Harm     .   (no cloak)
rCorr   .          Rampage  .   (no gloves)
Will    .....                   (no boots)
Stlth   +.........              (no amulet)
HPRegen 0.11/turn               (no ring)
MPRegen 0.08/turn               (no ring)

@: lethally poisoned (0 -> -6)
A: horns 2, retaliatory headbutt
a: no special abilities


You were on level 1 of the Dungeon.
You visited 1 branch of the dungeon, and saw 1 of its levels.

You collected 35 gold pieces.

Inventory:

Hand Weapons
 a - a +0 flail (weapon)
Missiles
 d - 3 throwing nets (quivered)
Armour
 b - a +0 leather armour (worn)
 c - a +0 hat (worn)


   Skills:
 + Level 4.5 Fighting
 - Level 3.6 Maces & Flails
 - Level 2.0 Throwing
 - Level 3.2 Dodging


You had 2 spell levels left.
You didn't know any spells.
Your spell library was empty.

Dungeon Overview and Level Annotations

Branches:
Dungeon (1/15)

Altars:


Innate Abilities, Weirdness & Mutations

You have a pair of horns on your head.
You reflexively headbutt those who attack you in melee.


Message History

The kobold hits you with a +2 dagger of venom.
You are poisoned.
You hit the kobold.
The kobold is heavily wounded.
You feel sick.
The kobold hits you with a +2 dagger of venom.
You are more poisoned.
The kobold hits you with a +2 dagger of venom.
You closely miss the kobold.
The kobold is heavily wounded.
You feel very sick.
The kobold hits you with a +2 dagger of venom.
You are lethally poisoned!
You sock the kobold!
You kill the kobold!
You feel very sick.
You are too injured to fight recklessly!
You are too injured to fight recklessly!
You are too injured to fight recklessly!
You are too injured to fight recklessly!
There is a lethal amount of poison in your body!
There is a lethal amount of poison in your body!
There is a lethal amount of poison in your body!
There is a lethal amount of poison in your body!
You aren't carrying any scrolls.
You aren't carrying any potions.
You aren't carrying any scrolls.
There is a lethal amount of poison in your body!
* * * LOW HITPOINT WARNING * * *
You feel very sick.
* * * LOW HITPOINT WARNING * * *
You feel very sick.
You see here a +2 dagger of venom.
* * * LOW HITPOINT WARNING * * *
You feel sick.
* * * LOW HITPOINT WARNING * * *
You feel sick.
* * * LOW HITPOINT WARNING * * *
You feel sick.
You die...

##### ....## P....# #########
♣....# #.......# .♣♣..#
#.......# PPP..# #.).....#
P.)..# #.......#
.....#########...##
...............#@.#
#..............#.....#####.
#.........(....##.##........#
#####..........##..##.......#
#............)............
#..........##..#......[..#.
#..........##.....##.#..#..
#.......).......#..........
#........................#.


There were no monsters in sight!

Vanquished Creatures
  A gnoll (D:1)
  A dart slug (D:1)
  2 endoplasms (D:1)
  A hobgoblin (D:1)
  4 jackals (D:1)
  A quokka (D:1)
  4 ball pythons (D:1)
  3 bats (D:1)
  A frilled lizard (D:1)
  2 goblins (D:1)
  3 kobolds (D:1)
  3 rats (D:1)
26 creatures vanquished.

Notes
Turn   | Place    | Note
-------+----------+-------------------------------------------
     0 | D:1      | vineage the Minotaur Gladiator began the quest for the Orb.
     0 | D:1      | Reached XP level 1. HP: 18/18 MP: 0/0
    60 | D:1      | Reached skill level 3 in Fighting
    70 | D:1      | Reached XP level 2. HP: 15/26 MP: 1/1
   223 | D:1      | Reached skill level 4 in Fighting
   339 | D:1      | Reached XP level 3. HP: 33/33 MP: 2/2
   771 | D:1      | Succumbed to a kobold's poison

Illustrated notes

Levels and vault maps discovered:
D:1:      wander_arrival_lonely_grave, layout_rooms, serial_forest,
          infiniplex_forest_clump_curved, infiniplex_forest_lined_room_3,
          infiniplex_forest_clump_diagonal, infiniplex_forest_3_way

Skill      XL: |  1  2 |
---------------+-------+-----
Fighting       | 3 4 |  4.5
Maces & Flails | |  3.6
Throwing       | |  2.0
Dodging        | |  3.2

Action                   || total
-------------------------++-------
Melee: Flail             ||    58
       Headbutt          ||     5
Armor: Leather armour    ||    26
Dodge: Dodged            ||    48

Table legend: (Time is in decaauts)
 A = Elapsed time spent in this place.
 B = Non-inter-level travel time spent in this place.
 C = Inter-level travel time spent in this place.
 D = Time resting spent in this place.
 E = Time spent auto-exploring this place.
 F = Levels seen in this place.
 G = Mean time per level.
                   A        B        C        D        E       F      G
               +--------+--------+--------+--------+--------+-----+--------+
         Total |    783 |    783 |      0 |      0 |    653 |   1 |  783.0 |
       Dungeon |    783 |    783 |      0 |      0 |    653 |   1 |  783.0 |
               +--------+--------+--------+--------+--------+-----+--------+

Top non-repeatable levels by time:
     D:1: 783 daAuts
